 Dungeon Crawl Stone Soup version 0.28.0-43-g3370ac3207 (webtiles) character file.

Game seed: 1892882966524962686

65 Peloso the Covered (level 3, 0/33 HPs)
             Began as a Minotaur Fighter on Mar 21, 2022.
             Slain by Jessica
             ... wielding a +0 dagger
              (2 damage)
             ... on level 3 of the Dungeon.
             The game lasted 00:01:58 (2435 turns).

Peloso the Covered (Minotaur Fighter)               Turns: 2435, Time: 00:01:59

Health: 0/33       AC: 10    Str: 20    XL:     3   Next: 92%
Magic:  2/2        EV:  9    Int:  5    God:
Gold:   104        SH:  4    Dex: 11    Spells: 2/2 levels left

rFire   x . .      SeeInvis .   a - +0 long sword
rCold   + + .      Faith    .   c - +0 buckler
rNeg    . . .      Spirit   .   k - +0 ice dragon scales
rPois   .          Reflect  .   (helmet restricted)
rElec   .          Harm     .   (no cloak)
rCorr   .          Rampage  .   (no gloves)
Will    .....                   (no boots)
Stlth   ..........              (no amulet)
HPRegen 0.11/turn               (no ring)
MPRegen 0.08/turn               (no ring)

@: slowed, very slow
A: horns 2, retaliatory headbutt
a: no special abilities


You were on level 3 of the Dungeon.
You visited 1 branch of the dungeon, and saw 3 of its levels.

You collected 104 gold pieces.

Inventory:

Hand Weapons
 a - a +0 long sword (weapon)
Armour
 b - a +0 scale mail
 c - a +0 buckler (worn)
 k - +0 ice dragon scales (worn)
Jewellery
 j - a ring of wizardry
Scrolls
 e - 5 scrolls of identify {unknown}
 g - a scroll of magic mapping {unknown}
 h - a scroll of teleportation {unknown}
 i - a scroll of vulnerability {unknown}
Potions
 d - a potion of might
 f - a potion of curing {unknown}


   Skills:
 + Level 4.1 Fighting
 + Level 3.3 Long Blades
 + Level 4.4 Armour
 + Level 1.1 Dodging
 + Level 3.9 Shields


You had 2 spell levels left.
You didn't know any spells.
Your spell library contained the following spells:

 Spells                   Type           Power      Damage    Failure   Level
 Sting                    Tmut/Pois      0%         1d3       93%         1
 Poisonous Vapours        Pois/Air       0%         N/A       98%         2
 Olgreb's Toxic Radiance  Pois           0%         N/A       100%        4


Dungeon Overview and Level Annotations

Branches:
Dungeon (3/15)

Altars:

Shops:
D:2 [

Annotations:
D:3 Jessica


Innate Abilities, Weirdness & Mutations

You have a pair of horns on your head.
You reflexively headbutt those who attack you in melee.


Message History

A bat is nearby!
A bat is nearby!
A bat is nearby!
The bat hits you. The bat hits you but does no damage.
You completely miss the bat. Your headbutt misses the bat.
The bat hits you but does no damage. The bat barely misses you.
The bat hits you but does no damage.
You hit the bat.
The bat is severely wounded.
The bat barely misses you. You furiously retaliate!
You headbutt the bat.
You kill the bat!
You see here a bat corpse.
Jessica the Apprentice Sorceress comes into view.
She is wielding a +0 dagger.
Jessica shouts!
Jessica shouts, "Stop bothering me, or I'll kill you!"
Jessica is nearby!
Jessica is nearby!
Jessica drinks a potion.
Jessica flickers and vanishes!
Deactivating autopickup; reactivate with Ctrl-A.
You hit something but do no damage. Something hits you but does no damage.
You hear some strange, mumbled words.
You feel yourself slow down.
You barely miss something. Your headbutt misses something.
You hear some strange, mumbled words. x2
Something tries to affect you, but you resist.
You barely miss something. Something hits you but does no damage.
You hear some strange, mumbled words.
Something hits you but does no damage. x2
You hit something.
You hear some strange, mumbled words.
Pain shoots through your body!
There is a strange disturbance nearby!
Found a scroll labelled SOSIAST WASUA.
Pain shoots through your body! Something hits you.
Something hits you but does no damage.
You hit something.
You hear some strange, mumbled words.
Pain shoots through your body!
* * * LOW HITPOINT WARNING * * *
Something hits you.
You die...

....8#..#
...##..# ###...#
......## ......
#.... ##.#{#
#########...@####
..#.............#
#.#
#####....##...?.
#.# ##.#.######.
#.# #........ #<#
#..####### #
#.#.# #.........
. ##.#.#
##.#######
.###..#.# #.#


There were no monsters in sight!

Vanquished Creatures
  An adder (D:2)
  A worm (D:2)
  2 dart slugs
  4 bats
  4 endoplasms
  2 giant cockroaches (D:2)
  3 goblins
  6 hobgoblins
  8 ball pythons
  5 frilled lizards
  6 kobolds
  6 rats
48 creatures vanquished.

Vanquished Creatures (others)
  2 fungi (D:1)
2 creatures vanquished.

Grand Total: 50 creatures vanquished

Notes
Turn   | Place    | Note
-------+----------+-------------------------------------------
     0 | D:1      | Peloso the Minotaur Fighter began the quest for the Orb.
     0 | D:1      | Reached XP level 1. HP: 19/19 MP: 0/0
   522 | D:1      | Reached XP level 2. HP: 25/27 MP: 1/1
   706 | D:1      | Found a faded altar of an unknown god.
  1291 | D:2      | Reached XP level 3. HP: 33/33 MP: 2/2
  1367 | D:2      | Found Ofuiclets's Antique Armour Shop.
  2011 | D:2      | Reached skill level 1 in Dodging
  2424 | D:3      | Noticed Jessica
  2435 | D:3      | Slain by Jessica

Illustrated notes

Levels and vault maps discovered:
D:1:      dpeg_cavernosity, layout_rooms, dreamdust_ecumenical_altar_grove
D:2:      layout_loops_corners, serial_shops, shop
D:3:      layout_loops_ring, gammafunk_ghost_arena, uniq_crazy_yiuf_cottage,
          uniq_jessica, uniq_grinder, uniq_ijyb

Skill      XL: |  1  2  3 |
---------------+----------+-----
Armour         | 4 |  4.4
Long Blades    | 3 |  3.3
Fighting       | 4 |  4.1
Dodging        | 1 |  1.1
Shields        | |  3.9

Action                   || total
-------------------------++-------
Melee: Long sword        ||   102
       Headbutt          ||    15
Armor: Scale mail        ||    59
       Ice dragon scales ||     8
Dodge: Dodged            ||    46
Block: Buckler           ||    28
